 Dungeon Crawl Stone Soup version 0.30-a0-161-gdd60e06945 (webtiles) character file.

Game seed: 10232909109859554337

1600 qw the Cleaver (level 8, -2/56 HPs)
             Began as a Gargoyle Fighter on Sept 27, 2022.
             Slain by a hornet (6 damage)
             ... on level 7 of the Dungeon.
             The game lasted 00:01:57 (6227 turns).

qw the Cleaver (Gargoyle Fighter)                   Turns: 6227, Time: 00:01:58

Health: -2/56      AC: 17    Str: 26    XL:     8   Next: 94%
Magic:  8/8        EV:  8    Int:  8    God:
Gold:   423        SH:  4    Dex:  8    Spells: 7/7 levels left

rFire   + + .      SeeInvis .    Y - +1 war axe
rCold   . . .      Faith    .    c - +0 buckler
rNeg    + . .      Spirit   .    o - +1 chain mail {rF+}
rPois   inf        Reflect  .    (no helmet)
rElec   +          Harm     .    (no cloak)
rCorr   .          Rampage  .    e - +0 pair of gloves
Will    +....                    (no boots)
Stlth   ..........               t - amulet of regeneration
HPRegen 0.98/turn                w - ring of protection from fire
MPRegen 0.11/turn                (no ring)

@: flying
A: sickness immunity, AC +5, negative energy resistance 1, electricity
resistance, torment resistance 1, petrification resistance, big wings, hooves 1,
strong-willed 1, robust 1, strong 1
a: no special abilities


You were on level 7 of the Dungeon.
You visited 2 branches of the dungeon, and saw 8 of its levels.

You collected 423 gold pieces.


Innate Abilities, Weirdness & Mutations

You are immune to sickness and miasma.
Your stone body is resilient. (AC +5)
You are immune to poison.
You resist negative energy. (rN+)
You are resistant to electric shocks. (rElec)
You are resistant to unholy torment.
You are immune to petrification.
Your large and strong wings let you fly.
You have large cloven feet.
You are strong-willed. (Will+)
You are robust. (+10% HP)
Your muscles are strong. (Str +4, Int/Dex -1)


   Skills:
 - Level 6.1 Fighting
 + Level 8.1 Axes
 - Level 2.0 Throwing
 - Level 4.4 Armour
 - Level 2.0 Dodging
 - Level 3.2 Shields


You had 7 spell levels left.
You didn't know any spells.
Your spell library was empty.

Inventory:

Hand Weapons
 f - a +0 flail
 r - the +5 hand axe of Optimality {freeze, rF+++}
   (You found it on level 2 of the Dungeon)

   It freezes those it strikes, dealing additional cold damage.
   It can also slow down cold-blooded creatures.
   rF:        It renders you almost immune to fire.
 Y - a +1 war axe (weapon)
Missiles
 k - 6 javelins (quivered)
 n - 11 boomerangs
 s - 2 silver javelins
Armour
 c - a +0 buckler (worn)
 e - a +0 pair of gloves (worn)
 o - a +1 chain mail of fire resistance (worn)
Jewellery
 b - a ring of fire
 t - an amulet of regeneration (around neck)
 w - a ring of protection from fire (left hand)
Scrolls
 g - a scroll of identify
 m - a scroll of blinking {unknown}
 u - a scroll of teleportation
Potions
 a - a potion of cancellation
 d - a potion of might
 h - 2 potions of curing
 i - 2 potions of lignification
 j - 7 potions of heal wounds
 l - 2 potions of attraction
 q - a potion of berserk rage {unknown}
 v - a potion of resistance {unknown}

Dungeon Overview and Level Annotations

Branches:
Dungeon (7/15)             Temple (1/1) D:6

Altars:
Ashenzari
Cheibriados
Dithmenos
Elyvilon
Gozag
Hepliaklqana
Kikubaaqudgha
Makhleb
Nemelex Xobeh
Qazlal
Ru
Sif Muna
Trog
Vehumet
Wu Jian
Xom
Zin
The Shining One

Annotations:
D:4 2 transporters


Message History

Found 3 stones.
Enter note:
Found a scroll of magic mapping.
Found a whip.
Found 5 stones.
A hornet comes into view.
The hornet buzzes angrily.
You hear a shout!
The hornet moves out of view.
Enter note: A hornet, 3 orc wizards and 2 orcs come into view.
An orc is wielding a +0 hand axe and quivering boomerangs of dispersal.
The orc wizard shouts!
The orc shouts!
The orc wizard shouts!
The orc shouts!
6220 ||| Stepping ~*~*~tactically~*~*~ (hiding).
The hornet stings you!
You barely miss the hornet. Your kick misses the hornet. The hornet stings you.
You barely miss the hornet. Your kick misses the hornet.
You block the hornet's attack.
The hornet stings you but does no damage.
You slash the hornet! You kick the hornet.
The hornet is heavily wounded.
The hornet stings you! The hornet stings you.
You hit the hornet. Your kick misses the hornet.
The hornet is heavily wounded.
You hit the orc. The hornet stings you! The orc hits you but does no damage.
The orc wizard mumbles some strange words.
The orc wizard flickers and vanishes!
Deactivating autopickup; reactivate with Ctrl-A.
You hit the hornet. Your kick misses the hornet.
The hornet is severely wounded.
You slash the orc!
You kill the orc!
The hornet stings you!
The hornet stings you but does no damage.
You closely miss the hornet. Your kick misses the hornet.
The hornet is severely wounded.
You barely miss the orc. The hornet stings you! The orc barely misses you.
The hornet stings you.
You die...

.......#....#...#
.........#....#...#
.........#?...#...#
........#....#...#
.......#....)...#
#.. #.........##
######.##.........#
.......o#.........#
.....ooy@.........#
.......#..........#
....$..####++.....#
....... #.....#
.....oo #.....#
..##..o ## . #o.o
#...


You could see a hornet, 2 orc wizards and an orc.

Vanquished Creatures
  A wyvern (D:7)
  A black bear (D:6)
  3 ogres
  2 kobold brigands
  Blork the orc (D:4)
  2 bullfrogs
  2 scorpions
  4 wights (D:7)
  A howler monkey (D:5)
  3 hounds
  2 iguanas
  3 orc wizards (D:5)
  7 adders
  A river rat (D:5)
  A shadow imp (D:7)
  2 white imps
  6 worms
  A dart slug (D:2)
  13 orcs
  5 endoplasms
  4 giant cockroaches
  8 goblins
  5 hobgoblins
  2 quokkas
  7 ball pythons
  8 bats
  3 frilled lizards
  11 kobolds
  3 rats
112 creatures vanquished.

Notes
Turn   | Place    | Note
-------+----------+-------------------------------------------
     0 | D:1      | qw the Gargoyle Fighter began the quest for the Orb.
     0 | D:1      | Reached XP level 1. HP: 14/14 MP: 1/1
     0 | D:1      | 0 ||| qw: Version: 0.2-a-10-g37ed214
     0 | D:1      | 0 ||| qw: Game counter: 682
     0 | D:1      | 0 ||| qw: Always use a shield: true
     0 | D:1      | 0 ||| qw: God list: Okawaru
     0 | D:1      | 0 ||| qw: Allow faded altars: false
     0 | D:1      | 0 ||| qw: Do Orc after D:15 true
     0 | D:1      | 0 ||| qw: Do second Lair branch before Depths: true
     0 | D:1      | 0 ||| qw: Lair rune preference: random
     0 | D:1      | 0 ||| qw: Plans: Normal, Zot:1-4, God:TSO, Crypt, Tomb,
                  | Pan, Slime:5, Hells, Abyss, Orb
     0 | D:1      | 0 ||| PLANNING D:1-11
    52 | D:1      | Reached skill level 2 in Axes
   318 | D:1      | Reached XP level 2. HP: 19/19 MP: 2/2
   666 | D:1      | Reached skill level 3 in Axes
   913 | D:1      | Reached XP level 3. HP: 23/23 MP: 3/3
  1176 | D:1      | 1176 ||| UPGRADING to +1 chain mail of fire resistance.
  1186 | D:1      | 1186 ||| DROPPING +0 scale mail.
  1187 | D:1      | 1187 ||| DROPPING ring of flight.
  1188 | D:1      | 1188 ||| READING 2 scrolls labelled DUDDEA MUHYQY.
  1192 | D:1      | 1192 ||| READING scroll labelled ZOBRAU OSHRUODORCH.
  1193 | D:1      | 1193 ||| READING scroll labelled EMPYTEOCASM.
  1294 | D:1      | 1294 ||| READING scroll labelled IWIHOM JUC DEVAG.
  1884 | D:2      | 1884 ||| Stepping ~*~*~tactically~*~*~ (stealth).
  1888 | D:2      | Reached skill level 1 in Throwing
  1897 | D:2      | Identified the +5 hand axe of Optimality {freeze, rF+++}
  2208 | D:2      | 2208 ||| READING scroll labelled TUCERE GAFUOMEK.
  2209 | D:2      | 2209 ||| READING 3 scrolls labelled GOHAQ OSEXIE.
  2210 | D:2      | 2210 ||| DRINKING 2 yellow potions.
  2210 | D:2      | Gained mutation: You occasionally lose the ability to read
                  | scrolls when taking damage. [potion of mutation]
  2210 | D:2      | Gained mutation: You are robust. (+10% HP) [potion of
                  | mutation]
  2210 | D:2      | Gained mutation: You have an increased reservoir of magic.
                  | (+10% MP) [potion of mutation]
  2210 | D:2      | Gained mutation: You have sharp toenails. [potion of
                  | mutation]
  2225 | D:2      | 2225 ||| DRINKING potion of mutation.
  2225 | D:2      | Lost mutation: You have an increased reservoir of magic.
                  | (+10% MP) [potion of mutation]
  2225 | D:2      | Lost mutation: You occasionally lose the ability to read
                  | scrolls when taking damage. [potion of mutation]
  2225 | D:2      | Gained mutation: You are strong-willed. (Will+) [potion of
                  | mutation]
  2225 | D:2      | Gained mutation: You have hidden genetic potential. [potion
                  | of mutation]
  2225 | D:2      | Lost mutation: You have sharp toenails. [potion of
                  | mutation]
  2225 | D:2      | Gained mutation: You have large cloven feet. [potion of
                  | mutation]
  2226 | D:2      | 2226 ||| DROPPING 2 scrolls of amnesia.
  2227 | D:2      | 2227 ||| READING scroll of teleportation.
  2290 | D:2      | 2290 ||| Stepping ~*~*~tactically~*~*~ (stealth).
  2774 | D:3      | Found a faded altar of an unknown god.
  2921 | D:3      | Reached XP level 4. HP: 26/30 MP: 4/4
  3322 | D:3      | 3322 ||| UPGRADING to amulet of regeneration.
  3327 | D:3      | 3327 ||| READING scroll labelled FARREELISH.
  3328 | D:3      | 3328 ||| READING scroll labelled FOONOZ JONAXEE.
  3329 | D:3      | 3329 ||| DRINKING 3 amethyst potions.
  3355 | D:3      | 3355 ||| DRINKING 2 fuming golden potions.
  3356 | D:3      | 3356 ||| READING 2 scrolls of identify.
  3356 | D:3      | 3356 ||| IDENTIFYING bubbling purple potion
  3357 | D:3      | 3357 ||| DROPPING potion of degeneration.
  3535 | D:4      | Noticed a scorpion
  3544 | D:4      | Killed a scorpion
  3545 | D:4      | Reached skill level 4 in Axes
  3545 | D:4      | Reached XP level 5. HP: 35/35 MP: 5/5
  3546 | D:4      | Noticed a yak
  3547 | D:4      | Noticed a phantom
  3550 | D:4      | Found a transporter.
  3564 | D:4      | Noticed an ice beast
  3567 | D:4      | Found a transporter.
  3570 | D:4      | Gained mutation: Your large and strong wings let you fly.
                  | [hidden potential]
  3572 | D:4      | Noticed a centaur
  3605 | D:4      | Found an opulent altar of Gozag.
  3733 | D:4      | 3733 ||| Stepping ~*~*~tactically~*~*~ (hiding).
  3734 | D:4      | 3734 ||| Stepping ~*~*~tactically~*~*~ (hiding).
  3789 | D:4      | 3789 ||| Stepping ~*~*~tactically~*~*~ (stealth).
  3818 | D:4      | Found a hazy altar of Hepliaklqana.
  3818 | D:4      | Noticed a kobold brigand
  3820 | D:4      | Found a faded altar of an unknown god.
  3836 | D:4      | Killed a kobold brigand
  3837 | D:4      | Reached skill level 5 in Axes
  3837 | D:4      | Reached XP level 6. HP: 38/40 MP: 6/6
  3839 | D:4      | 3839 ||| DROPPING +0 club.
  3897 | D:4      | 3897 ||| Stepping ~*~*~tactically~*~*~ (hiding).
  3915 | D:4      | Gained mutation: Your muscles are strong. (Str +4, Int/Dex
                  | -1) [hidden potential]
  3915 | D:4      | Lost mutation: You have hidden genetic potential. [hidden
                  | potential expressed]
  4159 | D:4      | Noticed Blork the orc
  4171 | D:4      | Killed Blork the orc
  4241 | D:4      | 4241 ||| DROPPING +0 mace.
  4242 | D:4      | Found a burning altar of Makhleb.
  4243 | D:4      | Identified the amulet "Gianoses" {RegenMP Int+7 Dex+4}
  4266 | D:4      | 4266 ||| DRINKING 4 ruby potions.
  4267 | D:4      | 4267 ||| DRINKING 2 fuming yellow potions.
  4268 | D:4      | 4268 ||| DRINKING 2 bubbling black potions.
  4269 | D:4      | 4269 ||| READING 3 scrolls of identify.
  4269 | D:4      | 4269 ||| IDENTIFYING white potion
  4270 | D:4      | 4270 ||| READING 2 scrolls of identify.
  4270 | D:4      | 4270 ||| IDENTIFYING lumpy white potion
  4271 | D:4      | 4271 ||| DROPPING potion of ambrosia.
  4272 | D:4      | 4272 ||| DROPPING potion of brilliance.
  4273 | D:4      | 4273 ||| DROPPING potion of flight.
  4289 | D:5      | Entered Level 5 of the Dungeon
  4290 | D:5      | 4290 ||| PLANNING SEWER
  4365 | D:5      | Found a sparkling altar of Nemelex Xobeh.
  4379 | D:5      | 4379 ||| Stepping ~*~*~tactically~*~*~ (stealth).
  4513 | D:5      | Reached skill level 6 in Axes
  4513 | D:5      | Reached XP level 7. HP: 47/47 MP: 7/7
  4563 | D:5      | 4563 ||| Stepping ~*~*~tactically~*~*~ (hiding).
  4636 | D:5      | Identified the +1 leather armour of Ilaehuwaet {Rampage
                  | rElec rN+}
  4798 | D:5      | 4798 ||| Stepping ~*~*~tactically~*~*~ (stealth).
  4799 | D:5      | 4799 ||| Stepping ~*~*~tactically~*~*~ (stealth).
  4802 | D:5      | 4802 ||| Stepping ~*~*~tactically~*~*~ (stealth).
  4881 | D:5      | 4881 ||| RIP SEWER
  4882 | D:5      | 4882 ||| PLANNING D:1-11
  4885 | D:5      | Reached skill level 7 in Axes
  5134 | D:5      | 5134 ||| READING scroll labelled LEUTRY DESEF.
  5196 | D:6      | Reached XP level 8. HP: 52/52 MP: 8/8
  5349 | D:6      | Found a staircase to the Ecumenical Temple.
  5379 | D:6      | 5379 ||| PLANNING TEMPLE
  5379 | D:6      | 5379 ||| UPGRADING to +0 pair of gloves.
  5384 | D:6      | 5384 ||| READING 2 scrolls of identify.
  5384 | D:6      | 5384 ||| IDENTIFYING smoky black potion
  5385 | D:6      | 5385 ||| DROPPING potion of invisibility.
  5391 | Temple   | Entered the Ecumenical Temple
  5638 | Temple   | 5638 ||| PLANNING D:1-11
  5968 | D:6      | 5968 ||| DROPPING orb of guile.
  5969 | D:6      | 5969 ||| UPGRADING to ring of protection from fire.
  5970 | D:6      | 5970 ||| READING scroll labelled TIFIBY UGEXTIU.
  5994 | D:7      | Noticed a wyvern
  6001 | D:7      | Killed a wyvern
  6019 | D:7      | 6019 ||| Stepping ~*~*~tactically~*~*~ (stealth).
  6020 | D:7      | 6020 ||| Stepping ~*~*~tactically~*~*~ (stealth).
  6022 | D:7      | 6022 ||| Stepping ~*~*~tactically~*~*~ (stealth).
  6025 | D:7      | Reached skill level 8 in Axes
  6074 | D:7      | Reached skill level 6 in Fighting
  6123 | D:7      | Found the +5 robe of Misfortune {Harm *Corrode *Slow EV+5}
  6218 | D:7      | Noticed a hornet
  6220 | D:7      | 6220 ||| Stepping ~*~*~tactically~*~*~ (hiding).
  6227 | D:7      | HP: 4/56 [hornet (12)]
  6227 | D:7      | Slain by a hornet

Levels and vault maps discovered:
D:1:      dpeg_arrival_fog, layout_basic, hangedman_decor_growths,
          minmay_octomino_e4
D:2:      layout_loops_cross, serial_co_window_serial, co_window_corner_a,
          co_window_paths_a, co_window_of_opportunity_a, co_window_paths_b,
          co_window_paths_a, co_window_cross_3, co_window_paths_c,
          co_window_cross_2, co_window_corner_ca, co_window_of_opportunity_b,
          co_window_corner_b, glass_columns_c, glass_columns_b,
          minmay_fractal_squares_gapless_5
D:3:      layout_loops_corners, shapermc_ecumenical_altar_acropolis
D:4:      layout_loops_ring, beargit_hepliaklqana_dungeon_heroes,
          amcnicky_altar_gilded, gammafunk_temple_overflow_arena,
          kennysheep_flooded_box, dk_vineyard_3, uniq_blork_the_orc
D:5:      layout_loops_ring, nemelex_diamond_rough_becter,
          lightli_sewer_entry_pipes
D:6:      layout_loops_cross, minmay_temple_entry_statues_fountains
D:7:      layout_basic, mainiacjoe_overflow_divided_tiny, uniq_duvessa
Temple:   minmay_temple_curvy_branch

Skill      XL: |  1  2  3  4  5  6  7  8 |
---------------+-------------------------+-----
Axes           | 2 3 4 5 6 7 8 |  8.1
Throwing       | 1 2 |  2.0
Fighting       | 4 6 |  6.1
Dodging        | 2 |  2.0
Armour         | 4 |  4.4
Shields        | |  3.2

Action                   |  1- 3 |  4- 6 |  7- 9 || total
-------------------------+-------+-------+-------++-------
Melee: War axe           |   100 |    70 |   134 ||   304
       Kick              |     3 |    17 |    24 ||    44
Throw: Javelin           |    22 |    16 |    41 ||    79
  Use: Scroll            |     7 |     5 |     3 ||    15
       Potion            |     2 |     5 |       ||     7
Armor: Scale mail        |    50 |       |       ||    50
       Chain mail        |    23 |    38 |    73 ||   134
Dodge: Dodged            |    40 |    11 |    46 ||    97
Block: Buckler           |    17 |    10 |    27 ||    54

Table legend:
 A = Non-vault XP
 B = Vault XP
 C = Vault XP percentage of total XP
 D = Non-vault monster count
 E = Vault monster count
 F = Vault count percentage of total count
                 A         B        C        D         E       F
            +---------+---------+-------+---------+---------+-------
      Total |    2027 |     260 |  11.4 |      98 |      14 |  12.5
            +---------+---------+-------+---------+---------+-------
        D:1 |      33 |       2 |   5.7 |      20 |       2 |   9.1
        D:2 |      28 |       7 |  20.0 |      15 |       3 |  16.7
        D:3 |      26 |       0 |   0.0 |       8 |       0 |   0.0
        D:4 |     157 |     191 |  54.9 |      11 |       2 |  15.4
        D:5 |     592 |      60 |   9.2 |      22 |       7 |  24.1
        D:6 |     487 |       0 |   0.0 |       9 |       0 |   0.0
        D:7 |     704 |       0 |   0.0 |      13 |       0 |   0.0
            +---------+---------+-------+---------+---------+-------
